 Dungeon Crawl Stone Soup version 0.29-a0-284-gf9362112df (webtiles) character file.

Game seed: 1800901110775715660

16 jlumianski the Skirmisher (level 2, 0/24 HPs)
             Began as a Demonspawn Fighter on Mar 27, 2022.
             Slain by a gnoll
             ... wielding a +0 halberd
              (5 damage)
             ... on level 2 of the Dungeon.
             The game lasted 00:01:41 (462 turns).

jlumianski the Skirmisher (Demonspawn Fighter)       Turns: 462, Time: 00:01:42

Health: 0/24       AC:  9    Str: 16    XL:     2   Next: 37%
Magic:  2/2        EV:  6    Int:  9    God:
Gold:   0          SH:  4    Dex: 12    Spells: 1/1 levels left

rFire   . . .      SeeInvis .   a - +0 war axe
rCold   . . .      Faith    .   c - +0 buckler
rNeg    . . .      Spirit   .   j - +0 chain mail
rPois   .          Reflect  .   (no helmet)
rElec   .          Harm     .   (no cloak)
rCorr   .          Rampage  .   (no gloves)
Will    .....                   (no boots)
Stlth   ..........              (no amulet)
HPRegen 0.08/turn               (no ring)
MPRegen 0.08/turn               (no ring)

@: no status effects
A: powered by pain 1
a: no special abilities


You were on level 2 of the Dungeon.
You visited 1 branch of the dungeon, and saw 2 of its levels.

Inventory:

Hand Weapons
 a - a +0 war axe (weapon)
Missiles
 g - 35 stones (quivered)
Armour
 b - a +0 scale mail
 c - a +0 buckler (worn)
 j - a +0 chain mail (worn)
Magical Staves
 f - a staff of air
Scrolls
 e - a scroll of noise {unknown}
 i - a scroll of fog {unknown}
Potions
 d - a potion of might
 h - a potion of magic {unknown}


   Skills:
 + Level 3.2 Fighting
 + Level 2.0 Axes
 + Level 2.9 Armour
 + Level 2.8 Shields


You had one spell level left.
You didn't know any spells.
Your spell library was empty.

Dungeon Overview and Level Annotations

Branches:
Dungeon (2/15)

Altars:


Innate Abilities, Weirdness & Mutations

You sometimes gain a little power by taking damage.


Message History

You continue taking off your +0 scale mail. x3
HP restored.
You continue taking off your +0 scale mail.
You finish taking off your +0 scale mail.
You start putting on your armour.
You continue putting on your +0 chain mail. x5
You finish putting on your +0 chain mail.
A gnoll comes into view. It is wielding a +0 halberd.
The gnoll shouts!
You hear a shout!
A goblin comes into view. It is wielding a +0 dagger.
The gnoll moves out of view.
You hear a shout!
A gnoll comes into view. It is wielding a +0 spear.
A ball python and a gnoll come into view.
The ball python hisses angrily.
The gnoll shouts!
A giant cockroach and a gnoll come into view.
Found 12 gold pieces.
The gnoll shouts!
The giant cockroach waves its antennae.
The giant cockroach attacks as you move away!
The giant cockroach barely misses you.
The giant cockroach attacks as you move away!
The giant cockroach barely misses you.
You slash the giant cockroach!
You kill the giant cockroach!
You slash the ball python!
You kill the ball python!
There is a stone staircase leading up here.
The gnoll barely misses you. You block the gnoll's attack.
There is a stone staircase leading up here.
The gnoll hits you from afar with a +0 spear.
The gnoll hits you but does no damage.
The gnoll hits you from afar with a +0 halberd!
The gnoll barely misses you.
There is a stone staircase leading up here.
The gnoll hits you from afar with a +0 halberd.
* * * LOW HITPOINT WARNING * * *
The gnoll hits you from afar with a +0 halberd.
You die...

######## #gg.@#..
#g##g#.# #.#.g#.#
#g#..#.#
####.#..#.#
#..g......#
#.........#
...#.####.........#
.....[.g.....####.#


You could see 4 gnolls and a goblin.

Vanquished Creatures
  A dart slug (D:1)
  A ball python (D:2)
  2 bats (D:1)
  An endoplasm (D:1)
  A giant cockroach (D:2)
  A goblin (D:1)
  A hobgoblin (D:1)
  2 quokkas (D:1)
  2 rats (D:1)
12 creatures vanquished.

Notes
Turn   | Place    | Note
-------+----------+-------------------------------------------
     0 | D:1      | jlumianski the Demonspawn Fighter began the quest for the
                  | Orb.
     0 | D:1      | Reached XP level 1. HP: 18/18 MP: 1/1
   122 | D:1      | Gained mutation: You sometimes gain a little power by
                  | taking damage. [demonic ancestry]
   122 | D:1      | Reached XP level 2. HP: 9/24 MP: 2/2
   462 | D:2      | Slain by a gnoll

Illustrated notes

Levels and vault maps discovered:
D:1:      onia_arrival_mini_spirals, layout_rooms,
          shapermc_ecumenical_altar_ellora, chequers_serial_rivers_small_b,
          minmay_tetromino_i2
D:2:      layout_basic, serial_shops, shop, chequers_serial_rivers_micro_d

Skill      XL: |  1  2 |
---------------+-------+-----
Axes           | 2 |  2.0
Fighting       | |  3.2
Armour         | |  2.9
Shields        | |  2.8

Action                   || total
-------------------------++-------
Melee: War axe           ||    29
Throw: Stone             ||     2
Armor: Scale mail        ||    15
       Chain mail        ||     1
Dodge: Dodged            ||    11
Block: Buckler           ||    10

Table legend: (Time is in decaauts)
 A = Elapsed time spent in this place.
 B = Non-inter-level travel time spent in this place.
 C = Inter-level travel time spent in this place.
 D = Time resting spent in this place.
 E = Time spent auto-exploring this place.
 F = Levels seen in this place.
 G = Mean time per level.
                   A        B        C        D        E       F      G
               +--------+--------+--------+--------+--------+-----+--------+
         Total |    476 |    476 |      0 |    185 |     92 |   2 |  238.0 |
       Dungeon |    476 |    476 |      0 |    185 |     92 |   2 |  238.0 |
               +--------+--------+--------+--------+--------+-----+--------+

Top non-repeatable levels by time:
     D:1: 419 daAuts
     D:2: 56 daAuts
